 Dungeon Crawl Stone Soup version 0.21.1-1-g345015f (webtiles) character file.

1188 nicolaieve the Cleaver (level 8, -1/69 HPs)
             Began as a Hill Orc Fighter on June 5, 2018.
             Killed from afar by an orc wizard (9 damage)
             ... with a magic dart
             ... on level 7 of the Dungeon.
             The game lasted 00:32:35 (4516 turns).

nicolaieve the Cleaver (Hill Orc Fighter)           Turns: 4516, Time: 00:32:40

Health: -1/69      AC:  8    Str: 20    XL:     8   Next: 43%
Magic:  8/8        EV:  7    Int:  8    God:
Gold:   261        SH: 14    Dex: 11    Spells: 7/7 levels left

rFire    . . .     SeeInvis .   a - +0 war axe
rCold    . . .     Gourm    .   c - +0 shield
rNeg     . . .     Faith    .   l - +0 scale mail
rPois    .         Spirit   .   (no helmet)
rElec    .         Reflect  +   t - +0 cloak
rCorr    .         Harm     .   (no gloves)
MR       ++...                  (no boots)
Stlth    ..........             m - +4 amulet of reflection
HPRegen  0.21/turn              i - ring of protection from magic
MPRegen  0.11/turn              p - ring of protection from magic

@: no status effects
A: no striking features
a: no special abilities


You were on level 7 of the Dungeon.
You were not hungry.

You visited 1 branch of the dungeon, and saw 7 of its levels.

You collected 261 gold pieces.

Inventory:

Hand Weapons
 a - a +0 war axe (weapon)
 k - a +0 spear of flaming
 r - a +0 hand axe of chopping
 s - a +0 scythe
Armour
 b - a +0 scale mail
 c - a +0 shield (worn)
 e - a +0 chain mail
 l - a +0 scale mail (worn)
 t - a +0 cloak (worn)
Jewellery
 i - a ring of protection from magic (left hand)
 m - a +4 amulet of reflection (around neck)
 o - an uncursed ring of wizardry {unknown}
 p - a ring of protection from magic (right hand)
 x - an uncursed ring of poison resistance {unknown}
Scrolls
 g - a scroll of remove curse
 h - a scroll of teleportation
Potions
 d - a potion of might
 j - a potion of invisibility
 n - a potion of berserk rage
 q - 3 potions of curing
Comestibles
 f - 16 rations


   Skills:
 + Level 5.4 Fighting
 * Level 9.9 Axes
 - Level 0.7(5.2) Polearms
 + Level 4.9 Armour
 - Level 0.1 Dodging
 + Level 5.6 Shields


You had 7 spell levels left.
You didn't know any spells.

Dungeon Overview and Level Annotations

Branches:
Dungeon (7/15)
 Temple: D:4-7

Altars:
Ashenzari
Cheibriados
Yredelemnul

Shops:
D:4 [

Annotations:
D:4 Exporg's ghost, novice FoFi


Message History

You closely miss the orc warrior.
The orc wizard gestures wildly while chanting.
The orc wizard blinks!
You block the orc warrior's attack.
The orc warrior hits you with a war axe!
* * * LOW HITPOINT WARNING * * *
You slash the orc wizard!
The orc wizard is severely wounded.
You slash the orc warrior! You slash the orc!
You kill the orc!
You hit the orc warrior but do no damage.
You block the orc wizard's attack.
The orc warrior hits you but does no damage.
The orc wizard hits you but does no damage.
You barely miss the orc wizard.
The orc wizard is severely wounded.
You slash the orc warrior! You hit the orc warrior.
You block the orc warrior's attack.
The orc wizard points at you and mumbles some strange words.
The magic dart hits you!
You die...

........# .............#
......(......#
.............#### ######
.............#..###.#...
.......(.....#......#...
.......(.....#......#...
.......).....#####'##...
.....ยง.@....)...........
......ooo...............
.......)............<...
........................
...........(.######....#
.....?..(....# #....#
.............# #....#
.............# #....#
.............# #....#


You could see 2 orc warriors and an orc wizard.

Vanquished Creatures
  Sigmund (D:5)
  A sky beast (D:5)
  A water moccasin (D:5)
  2 phantoms
  An ogre (D:7)
  A howler monkey (D:6)
  A crimson imp (D:5)
  A bullfrog zombie (D:3)
  A hound (D:6)
  A gnoll shaman (D:5)
  An iguana (D:6)
  An orc wizard (D:5)
  3 worker ants
  9 gnolls
  6 adders
  A shadow imp (D:5)
  An ooze (D:2)
  An adder skeleton (D:5)
  A dart slug (D:3)
  4 worms
  3 leopard geckos
  12 orcs
  6 giant cockroaches
  6 goblins
  5 hobgoblins
  18 jackals
  11 kobolds
  2 quokkas
  4 bats
  3 frilled lizards
  A leopard gecko skeleton (D:4)
  7 rats
117 creatures vanquished.

Notes
Turn   | Place    | Note
-------+----------+-------------------------------------------
     0 | D:1      | nicolaieve the Hill Orc Fighter began the quest for the Orb.
     0 | D:1      | Reached XP level 1. HP: 19/19 MP: 1/1
   174 | D:1      | Reached XP level 2. HP: 22/27 MP: 2/2
   537 | D:1      | Reached XP level 3. HP: 28/33 MP: 3/3
   818 | D:2      | Reached skill level 3 in Axes
   987 | D:2      | Reached XP level 4. HP: 40/40 MP: 4/4
  1463 | D:3      | Reached skill level 4 in Axes
  1517 | D:3      | Found a snail-covered altar of Cheibriados.
  1575 | D:3      | Reached XP level 5. HP: 45/47 MP: 5/5
  1698 | D:4      | Found Aniaca's Antique Armour Boutique.
  1886 | D:4      | Noticed a phantom
  1947 | D:4      | Killed a phantom
  1947 | D:4      | Reached skill level 5 in Axes
  1947 | D:4      | Reached XP level 6. HP: 32/53 MP: 6/6
  1974 | D:4      | Reached skill level 6 in Axes
  2114 | D:4      | Noticed Exporg's ghost (novice FoFi)
  2391 | D:5      | Entered Level 5 of the Dungeon
  2418 | D:5      | Found Fucsoat's Assorted Antiques.
  2429 | D:5      | Noticed a phantom
  2445 | D:5      | Killed a phantom
  2456 | D:5      | Reached XP level 7. HP: 26/60 MP: 7/7
  2668 | D:5      | Reached skill level 7 in Axes
  2722 | D:5      | Noticed Sigmund
  2737 | D:5      | Killed Sigmund
  2737 | D:5      | Reached skill level 5 in Fighting
  2737 | D:5      | Reached skill level 8 in Axes
  2737 | D:5      | Reached skill level 5 in Shields
  2959 | D:5      | Found a shattered altar of Ashenzari.
  2989 | D:5      | HP: 3/61 [gnoll/halberd (8)]
  2995 | D:5      | HP: 1/61 [gnoll/halberd (3)]
  2998 | D:5      | Reached skill level 9 in Axes
  3302 | D:5      | Found a basalt altar of Yredelemnul.
  3335 | D:5      | Reached XP level 8. HP: 63/68 MP: 8/8
  4516 | D:7      | Killed from afar by an orc wizard

Skill      XL: |  1  2  3  4  5  6  7 |
---------------+----------------------+-----
Fighting       | 4 5 |  5.4
Axes           | 3 4 5 6 9 |  9.9
Shields        | 4 5 |  5.6
Armour         | 4 |  4.9
Polearms       | |  0.7
Dodging        | |  0.1

Action                   |  1- 3 |  4- 6 |  7- 9 || total
-------------------------+-------+-------+-------++-------
Melee: War axe           |    24 |   184 |   131 ||   339
       Spear             |    64 |       |       ||    64
  Use: Scroll            |       |     2 |     3 ||     5
  Eat: Chunk             |       |     5 |     2 ||     7
       Ration            |       |       |     2 ||     2
Armor: Scale mail        |    23 |    54 |    32 ||   109
Dodge: Dodged            |    19 |    49 |    22 ||    90
Block: Shield            |    62 |   136 |   108 ||   306
       Reflection        |     4 |     5 |     5 ||    14
